AoeStats
← 布丁

Arena

505796135Analyzed
4v4 RM · 21d ago on Sep 11, 2026· 36m 50s· 8 players
Game mode
Random Map
Map size
Large (8 player)
Population
200
Speed
Normal
Resources
Standard
Victory
Conquest
Starting age
Dark Age
Ending age
Imperial Age
RankedLock teamsTeams togetherTeam positionsShared explorationLock speedFull tech treeHidden civsTurbo modeCheats
Victory
Defeat
🇭🇰 Romans · Hong Kong SAR China
952
+10
🇺🇸 Bohemians · United States
941
+11
🇺🇸 Khmer · United States
744
+19
🇺🇸 Japanese · United States
720
+20
🇵🇪 Malians · Peru
856
-17
🇹🇼 Goths · Taiwan
839
-27
🇲🇽 Berbers · Mexico
812
-15
🇨🇳 Turks · China
741
-12
ostiinn
0:30 Loom
12:58 Feudal Age
18:05 Castle Age
16:34 Double-Bit Axe
17:29 Wheelbarrow
16:52 Horse Collar
20:59 Bow Saw
21:07 Heavy Plow
27:26 Gold Mining
27:27 Stone Mining
33:26 Imperial Age
32:54 Husbandry
33:05 Bloodlines
34:37 Conscription
35:10 Heavy Camel Rider
36:38 Forging
布丁
1:21 Loom
13:22 Feudal Age
14:52 Wheelbarrow
17:25 Castle Age
21:51 Double-Bit Axe
21:51 Horse Collar
22:44 Bow Saw
27:20 Gold Mining
27:21 Stone Mining
28:56 Hand Cart
29:26 Town Watch
29:46 Heavy Plow
34:25 Imperial Age
32:45 Stone Shaft Mining
32:39 Pikeman
33:19 Squires
35:13 Perfusion
35:20 Scale Mail Armor
35:30 Forging
36:02 Halberdier
AI
11:39 Feudal Age
15:48 Castle Age
13:37 Double-Bit Axe
Arianna Ishikawa
MANMOOSE
3:42 Loom
10:46 Feudal Age
12:52 Wheelbarrow
12:03 Double-Bit Axe
15:54 Town Watch
19:20 Castle Age
17:18 Horse Collar
20:20 Hand Cart
20:26 Heavy Plow
20:37 Bow Saw
25:31 Town Patrol
29:58 Imperial Age
29:40 Chemistry
28:53 Fortified Wall
28:36 Treadmill Crane
29:41 Masonry
30:42 Man-at-Arms
31:23 Squires
31:27 Scale Mail Armor
31:37 Forging
31:51 Conscription
31:39 Wagenburg Tactics
32:14 Long Swordsman
33:14 Chain Mail Armor
33:53 Iron Casting
34:33 Two-Handed Swordsman
36:00 Champion
Dara_Shikoh
0:28 Loom
10:33 Feudal Age
16:27 Castle Age
14:35 Double-Bit Axe
14:53 Horse Collar
16:05 Gold Mining
17:06 Light Cavalry
17:57 Bloodlines
20:36 Scale Barding Armor
21:09 Stone Mining
25:35 Heavy Plow
29:15 Wheelbarrow
29:03 Bow Saw
29:52 Gold Shaft Mining
33:54 Imperial Age
32:16 Chain Barding Armor
36:26 Hand Cart
alexgolan
1:03 Loom
16:07 Feudal Age
17:39 Horse Collar
17:50 Double-Bit Axe
22:40 Wheelbarrow
22:03 Stone Mining
26:33 Castle Age
26:15 Gold Mining
26:30 Scale Mail Armor
26:41 Forging
27:24 Pikeman
28:06 Squires
29:44 Chain Mail Armor
30:05 Iron Casting
34:00 Imperial Age
32:17 Bow Saw
33:30 Heavy Plow
35:27 Plate Mail Armor
36:05 Two-Man Saw
36:32 Conscription
coolkelvin
10:23 Feudal Age
11:08 Loom
14:22 Castle Age
12:45 Horse Collar
13:22 Double-Bit Axe
14:17 Gold Mining
15:45 Bow Saw
18:48 Stone Mining
19:33 Heavy Plow
20:22 Wheelbarrow
29:46 Imperial Age
27:51 Hand Cart
28:34 Gold Shaft Mining
28:48 Scale Mail Armor
28:58 Forging
29:45 Chain Mail Armor
30:52 Conscription
31:39 Iron Casting
31:42 Crop Rotation
31:32 Heavy Scorpion
33:35 Ballistics
34:17 Chemistry
34:05 Masonry
33:28 Capped Ram
35:25 Blast Furnace
34:15 Fletching
34:44 Fletching
35:27 Scale Barding Armor
36:01 Ballistas
37:02 Siege Engineers
36:29 Pikeman
37:10 Squires
Connection lost

Rejoining the realm…

Still unreachable

The connection could not be restored.

Session expired

The server has moved on; the page needs a fresh start.